 Dungeon Crawl Stone Soup version 0.25-a0-413-g3b4b6a4ccc (webtiles) character file.

Game seed: 9494220201581587984, levelgen mode: deterministic

164395 Borgoz the Bludgeoner (level 17, -1/156 HPs)
             Began as a Gargoyle Berserker on Jan 16, 2020.
             Was a High Priest of Trog.
             Slain by a merfolk impaler
             ... wielding a +0 trident
              (7 damage)
             ... on level 4 of the Shoals.
             The game lasted 00:53:57 (33374 turns).

Borgoz the Bludgeoner (Gargoyle Berserker)         Turns: 33374, Time: 00:53:57

Health: -1/156     AC: 36    Str: 29    XL:     17   Next: 85%
Magic:  17/17      EV: 27    Int:  9    God:    Trog [*****.]
Gold:   2935       SH:  0    Dex: 16    Spells: 16/16 levels left

rFire    + . .     SeeInvis .   a - +6 great mace (crush)
rCold    + + .     Gourm    .   (shield currently unavailable)
rNeg     + . .     Faith    +   z - +7 Kryia's mail coat {PotionHeal*2 rC+}
rPois    ∞         Spirit   .   r - +2 helmet
rElec    +         Reflect  .   i - scarf {rC+ rF+}
rCorr    .         Harm     .   q - +1 pair of gloves
MR       +++..                  (no boots)
Stlth    ..........             E - amulet of faith
HPRegen  1.36/turn              v - +4 ring of evasion
MPRegen  0.15/turn              u - +6 ring of dexterity

@: berserking, flying, regenerating, very quick
A: big wings, repulsion field 1, clumsy 1, frail 1, negative energy resistance
1, electricity resistance, unbreathing, petrification resistance, rot immunity,
AC +12
a: Stop Flying, Berserk, Trog's Hand, Brothers in Arms, Renounce Religion


You were on level 4 of the Shoals.
You worshipped Trog.
Trog was extremely pleased with you.
You were very hungry.

You visited 4 branches of the dungeon, and saw 27 of its levels.
You also visited: Bailey.

You collected 5303 gold pieces.
You spent 2368 gold pieces at shops.

Inventory:

Hand Weapons
 a - a +6 great mace of crushing (weapon)
Missiles
 G - 4 throwing nets (quivered)
Armour
 i - a scarf of resistance (worn)
 m - the +2 cloak of the Bulwark {rC++ rCorr Dex-2}
   (You bought it in a shop on level 2 of the Orcish Mines)

   It affects your dexterity (-2).
   It greatly protects you from cold.
   It provides partial protection from all sources of acid and corrosion.
 q - a +1 pair of gloves (worn)
 r - a +2 helmet (worn)
 t - a scarf of repulsion
 z - the +7 Kryia's mail coat (worn) {PotionHeal*2 rC+}
   (You found it on level 10 of the Dungeon)

   It protects you from cold.
 J - a +4 chain mail of fire resistance
Jewellery
 k - an uncursed ring of protection from cold
 u - a +6 ring of dexterity (right hand)
 v - a +4 ring of evasion (left hand)
 E - an amulet of faith (around neck)
Wands
 b - a wand of disintegration (13)
 g - a wand of polymorph (8)
 n - a wand of acid (10)
 s - a wand of paralysis (24)
 K - a wand of clouds (5)
Scrolls
 d - 3 scrolls of magic mapping
 e - 7 scrolls of fear
 f - 3 scrolls of fog
 l - 18 scrolls of teleportation
 y - 4 scrolls of identify
 A - 3 scrolls of blinking
 H - 6 scrolls of remove curse
 M - a scroll of enchant armour
Potions
 h - 3 potions of curing
 j - 2 potions of resistance
 o - 2 potions of might
 p - 2 potions of ambrosia
 w - a potion of agility
 x - 7 potions of heal wounds
 B - 2 potions of haste
 C - 3 potions of invisibility
 D - 2 potions of mutation
 F - a potion of berserk rage
 I - 2 potions of cancellation
Comestibles
 c - 39 rations
 L - 26 chunks of flesh


   Skills:
 + Level 16.3 Fighting
 + Level 17.2 Maces & Flails
 + Level 16.2 Armour
 + Level 14.5 Dodging


You had 16 spell levels left.
You didn't know any spells.
Your spell library was empty.

Dungeon Overview and Level Annotations

Branches:
Dungeon (15/15) Temple (0/1) D:6 Lair (6/6) D:11 Shoals (4/4) Lair:3 Snake (0/4) Lair:2 Slime (0/5) Lair:5 Orc (2/2) D:10 Elf (0/3) Orc:2 Vaults (0/5) D:12 D:13 Depths (0/5) D:15 Bailey (visited)

Altars:
Makhleb
Okawaru
Vehumet
The Shining One
Beogh
Jiyva

Shops:
D:13 %**?   D:14 ?   Orc:2 %%*[   Shoals:3 [

Annotations:
D:10 exclusion: door


Innate Abilities, Weirdness & Mutations

You are resistant to torment.
Your stone body is resilient. (AC +12)
You are immune to poison.
Your large and strong wings let you fly indefinitely.
You resist negative energy. (rN+)
You are resistant to electric shocks. (rElec)
You can survive without breathing.
You are immune to petrification.
You are immune to rotting.
You are surrounded by a mild repulsion field. (EV +2)
You are clumsy. (Dex -2)
You are frail. (-10% HP)


Message History

You hammer the merfolk javelineer like a gong!!!
You feel the power of Trog in you as your rage grows.
You kill the merfolk javelineer!
Trog accepts your kill.
The merfolk impaler completely misses you.
The merfolk impaler barely misses you.
The merfolk impaler hits you but does no damage.
Items here: ( )) [[ † You miss the merfolk impaler.
The merfolk impaler completely misses you. x2
Your ogre closely misses the merfolk impaler.
You miss the merfolk impaler.
The merfolk impaler hits you with a +0 trident!
* * * LOW HITPOINT WARNING * * *
The merfolk impaler misses you.
You crush the merfolk impaler like a grape!!!
The merfolk impaler is severely wounded.
Your ogre hits the merfolk impaler with a +0 giant club!
The merfolk impaler hits you with a +0 trident!
You die...

##..≈≈≈ ......≈≈≈≈≈. ....≈≈≈≈≈.#
...≈≈≈≈≈≈≈. #### ≈≈≈≈≈.....
##≈..##≈≈≈≈...# ≈≈≈≈
#≈≈≈.≈#≈≈≈....#
≈≈≈≈≈≈≈#≈≈φ≈≈mm....(.#
≈≈≈≈≈≈≈#≈≈≈m≈#O@.....# #.≈≈≈≈≈
.≈≈≈≈≈≈##≈≈≈##.......# #.≈≈≈≈≈≈≈
..≈≈≈.≈≈#####.(......###.≈≈≈≈≈≈≈
...≈≈.≈≈≈≈≈≈..÷.........≈≈≈≈≈≈≈≈
......≈....P≈.÷......≈≈≈≈≈≈≈≈≈≈≈
......≈.P...≈≈.....(.≈≈≈≈≈≈≈≈≈≈≈
........÷...≈P≈≈≈.....≈≈≈≈≈≈≈≈≈≈
........###.P≈≈(.....(≈≈≈≈≈≈≈≈≈≈
........###P≈≈≈P.###..≈≈≈≈≈≈≈≈≈≈


You could see 2 merfolk impalers and a friendly ogre (berserk).

Vanquished Creatures
  Saint Roka (Orc:2)
  Nikola (Shoals:1)
  Rupert (D:12)
  Polyphemus (Shoals:3)
  A kraken (Shoals:1)
  The ghost of LairdRich the Warrior, a journeyman MiBe of Trog (Orc:1)
  An orc warlord (Bailey)
  The ghost of LairdRich the Severer, a journeyman MiBe of Trog (Lair:6)
  A stone giant (Orc:1)
  Nessos (D:13)
  2 merfolk javelineers (Shoals:4)
  2 fire dragons (D:15)
  2 merfolk impalers
  8 hydras
  Harold (D:8)
  3 ogre magi (D:15)
  A merfolk avatar (Shoals:4)
  An alligator snapping turtle (Shoals:1)
  2 catoblepae
  Erica (D:8)
  3 centaur warriors
  22 two-headed ogres
  A satyr (Shoals:2)
  10 death yaks
  5 orc high priests
  Urug (D:13)
  Sonja (D:12)
  3 unseen horrors
  5 sea snakes
  A lindwurm (Lair:6)
  5 orc knights
  Pikel (D:4)
  A wolf spider zombie (D:15)
  A necromancer (Lair:2)
  4 harpies (Shoals:3)
  4 oklob plants (Lair:5)
  5 orc sorcerers
  2 deep elf magi
  9 ugly things (D:15)
  10 manticores
  A salamander (shapeshifter) (D:14)
  19 fauns
  6 cyclopes
  6 merfolk sirens
  7 black mambas
  Joseph (D:7)
  3 water nymphs
  Psyche (D:8)
  13 elephants (Lair:6)
  6 centaur skeletons
  The ghost of MirrMurr the Jinx, a novice SpEn of Okawaru (D:5)
  2 torpor snails (Lair:6)
  12 spiny frogs
  A rime drake (shapeshifter) (D:12)
  A kobold demonologist (D:14)
  A gargoyle (D:13)
  2 yaktaurs
  10 komodo dragons
  A freezing wraith (D:15)
  5 merfolk
  15 trolls
  3 polar bears
  5 hornets
  6 wind drakes
  3 slime creatures (D:14)
  13 dream sheep
  16 hippogriffs
  23 blink frogs
  5 snapping turtles
  A blink frog (shapeshifter) (D:15)
  Prince Ribbit (D:8)
  Sigmund (D:6)
  3 vampires (D:13)
  A redback (D:15)
  3 wraiths
  Grum (D:11)
  5 wyverns
  A water elemental (Shoals:3)
  36 yaks
  9 basilisks
  3 hungry ghosts
  16 humans
  A steam dragon (D:11)
  2 vampire mosquitoes (D:14)
  4 wargs
  A naga (Lair:2)
  The ghost of salade2fruit the Firebug, an amateur OpFE of Vehumet (D:3)
  Duvessa (D:6)
  14 water moccasins
  A soldier ant (D:9)
  6 porcupines
  A black bear (shapeshifter) (D:14)
  49 orc warriors
  4 slaves (D:4)
  A black bear (D:12)
  2 phantoms
  4 sky beasts
  An eye of draining (D:13)
  6 ice beasts
  2 necrophages
  24 ogres
  A hornet zombie (D:13)
  14 centaurs
  14 wolves
  12 crocodiles
  3 big kobolds
  16 bullfrogs
  A gnoll sergeant (D:11)
  Dowan (D:6)
  7 scorpions
  A wyvern skeleton (D:15)
  3 killer bees (D:8)
  12 wights
  10 electric eels
  4 howler monkeys
  4 bullfrog zombies
  5 centaur zombies
  9 crimson imps
  A quasit (D:9)
  2 jellies
  9 hounds
  A gnoll shaman (Orc:1)
  33 orc priests
  2 iguanas
  16 orc wizards
  2 polar bear simulacra (Lair:2)
  7 worker ants
  4 yak simulacra (Lair:2)
  2 wolf simulacra (Lair:2)
  A hound skeleton (D:5)
  26 gnolls
  12 adders
  6 shadow imps
  3 oozes
  4 adder skeletons
  An adder zombie (D:7)
  2 worms
  2 dart slugs (D:2)
  3 leopard geckos
  113 orcs
  2 ball pythons
  3 giant cockroaches
  27 goblins
  14 hobgoblins
  8 jackals
  12 kobolds
  4 quokkas
  12 bats
  7 frilled lizards
  A leopard gecko skeleton (D:4)
  A quokka skeleton (D:4)
  8 rats
  3 river rat simulacra (Lair:2)
  12 plants
  A tentacle (Shoals:1)
1005 creatures vanquished.

Vanquished Creatures (collateral kills)
  Jorgrun (D:12)
  A merfolk javelineer (Shoals:4)
  An orc knight (Bailey)
  3 slime creatures
  4 orc warriors (Bailey)
  A bullfrog skeleton (D:12)
  3 orcs (Bailey)
  2 goblins (Bailey)
16 creatures vanquished.

Vanquished Creatures (others)
  A centaur skeleton (D:14)
  An orc priest (Orc:2)
  A gnoll (D:11)
  2 orcs (Orc:1)
  A kobold (D:6)
  4 fungi
  21 plants
  4 tentacles (Shoals:1)
35 creatures vanquished.

Grand Total: 1056 creatures vanquished

Notes
Turn   | Place    | Note
-------+----------+-------------------------------------------
     0 | D:1      | Borgoz the Gargoyle Berserker began the quest for the Orb.
     0 | D:1      | Reached XP level 1. HP: 14/14 MP: 1/1
   441 | D:1      | Reached XP level 2. HP: 8/19 MP: 2/2
  1238 | D:2      | Reached XP level 3. HP: 23/23 MP: 3/3
  1311 | D:2      | Reached ** piety under Trog
  1555 | D:2      | Noticed a scorpion
  1568 | D:2      | Killed a scorpion
  1568 | D:2      | Reached XP level 4. HP: 27/29 MP: 4/4
  2059 | D:3      | Reached XP level 5. HP: 29/33 MP: 5/5
  2446 | D:3      | Found a transporter.
  2449 | D:3      | Found a transporter.
  2449 | D:3      | Noticed salade2fruit's ghost (amateur OpFE)
  2721 | D:3      | Reached skill level 4 in Maces & Flails
  2746 | D:3      | Reached *** piety under Trog
  2885 | D:3      | Reached XP level 6. HP: 19/39 MP: 6/6
  3343 | D:3      | Killed salade2fruit's ghost
  3621 | D:4      | Noticed Pikel
  3621 | D:4      | Noticed a slave
  3621 | D:4      | Noticed a slave
  3622 | D:4      | Noticed a slave
  3622 | D:4      | Noticed a slave
  3634 | D:4      | Killed a slave
  3638 | D:4      | Killed a slave
  3692 | D:4      | Killed a slave
  3696 | D:4      | Killed a slave
  3697 | D:4      | Killed Pikel
  3697 | D:4      | Reached skill level 5 in Fighting
  3697 | D:4      | Reached skill level 5 in Maces & Flails
  3697 | D:4      | Reached skill level 5 in Armour
  3697 | D:4      | Reached XP level 7. HP: 38/45 MP: 7/7
  3825 | D:4      | Reached XP level 8. HP: 51/51 MP: 8/8
  4333 | D:5      | Entered Level 5 of the Dungeon
  4555 | D:5      | Found a large runed translucent door.
  4555 | D:5      | Found a large runed translucent door.
  4557 | D:5      | Noticed MirrMurr's ghost (novice SpEn)
  4746 | D:5      | Killed MirrMurr's ghost
  4746 | D:5      | Reached skill level 6 in Maces & Flails
  5172 | D:6      | Noticed Duvessa
  5175 | D:6      | Noticed Dowan
  5181 | D:6      | Noticed Sigmund
  5233 | D:6      | Killed Duvessa
  5233 | D:6      | Reached XP level 9. HP: 27/57 MP: 9/9
  5417 | D:6      | Got an encrusted plate armour
  5428 | D:6      | Identified the +3 plate armour of Zilint {rC+} (You found
                  | it on level 6 of the Dungeon)
  5457 | D:6      | Killed Dowan
  5457 | D:6      | Reached skill level 5 in Dodging
  5566 | D:6      | Found a staircase to the Ecumenical Temple.
  5636 | D:6      | Killed Sigmund
  6007 | D:6      | Reached **** piety under Trog
  6194 | D:6      | Reached skill level 7 in Maces & Flails
  6327 | D:6      | Found an iron altar of Okawaru.
  6530 | D:7      | Noticed Joseph
  6550 | D:7      | Killed Joseph
  7100 | D:7      | Reached XP level 10. HP: 60/64 MP: 10/10
  7199 | D:7      | Noticed a cyclops
  7208 | D:7      | Killed a cyclops
  7897 | D:8      | Reached skill level 8 in Maces & Flails
  7951 | D:8      | Noticed Prince Ribbit
  7956 | D:8      | Killed Prince Ribbit
  7997 | D:8      | Noticed Psyche
  8008 | D:8      | Killed Psyche
  8307 | D:8      | Noticed Harold
  8349 | D:8      | Killed Harold
  8437 | D:8      | Noticed Erica
  8494 | D:8      | Killed Erica
  8494 | D:8      | Reached XP level 11. HP: 49/71 MP: 11/11
  8807 | D:9      | Reached skill level 9 in Maces & Flails
  8824 | D:9      | Found a burning altar of Makhleb.
  8899 | D:9      | Found a flagged portal.
  8938 | Bailey   | Entered a bailey
  9169 | Bailey   | Reached ***** piety under Trog
  9169 | Bailey   | Received a gift from Trog
  9211 | Bailey   | Noticed an orc knight
  9245 | Bailey   | Killed an orc knight
  9245 | Bailey   | Reached skill level 10 in Fighting
  9444 | Bailey   | Noticed an orc warlord
  9445 | Bailey   | Noticed an orc knight
  9482 | Bailey   | Killed an orc warlord
  9482 | Bailey   | Reached skill level 10 in Armour
  9499 | Bailey   | Killed an orc knight
 10313 | D:9      | Reached skill level 10 in Maces & Flails
 10450 | D:9      | Reached XP level 12. HP: 76/79 MP: 12/12
 10684 | D:10     | Entered Level 10 of the Dungeon
 10735 | D:10     | Identified 2 scrolls of acquirement
 10761 | D:10     | Received a gift from Trog
 10933 | D:10     | Found a large runed translucent door.
 10933 | D:10     | Found a large runed translucent door.
 11347 | D:10     | Identified the ring of Liberalism {+Blink +Inv MP+9 Str+4}
                  | (You acquired it on level 10 of the Dungeon)
 11427 | D:10     | Found a staircase to the Orcish Mines.
 11617 | D:10     | Noticed a two-headed ogre
 11629 | D:10     | Killed a two-headed ogre
 11709 | D:10     | Found an iron altar of Okawaru.
 11709 | D:10     | Found an iron altar of Okawaru.
 11736 | D:10     | Reached skill level 11 in Maces & Flails
 11749 | D:10     | Found the +7 Kryia's mail coat {PotionHeal*2 rC+}
 12030 | D:11     | Found a glowing golden altar of the Shining One.
 12078 | D:11     | Noticed a five-headed hydra
 12100 | D:11     | Killed a five-headed hydra
 12507 | D:11     | Noticed Grum
 12522 | D:11     | Killed Grum
 12658 | D:11     | Found a staircase to the Lair.
 12930 | D:12     | Noticed Sonja
 12938 | D:12     | Killed Sonja
 12950 | D:12     | Noticed Jorgrun
 12975 | D:12     | Killed Jorgrun
 13340 | D:12     | Reached skill level 10 in Dodging
 13340 | D:12     | Reached XP level 13. HP: 85/85 MP: 13/13
 13381 | D:12     | Reached skill level 12 in Maces & Flails
 13451 | D:12     | Received a gift from Trog
 13891 | D:13     | Found a gate to the Vaults.
 13891 | D:13     | Noticed Nessos
 13891 | D:13     | Noticed Urug
 13891 | D:13     | Noticed Rupert
 13961 | D:12     | Killed Rupert
 14029 | D:13     | Found Veotzuif's Food Shop.
 14041 | D:13     | Killed Nessos
 14066 | D:13     | Killed Urug
 14342 | D:13     | Found Mugoeck's General Store.
 14352 | D:13     | Bought a potion of might for 48 gold pieces
 14370 | D:13     | Reached skill level 13 in Maces & Flails
 14419 | D:13     | Received a gift from Trog
 14594 | D:13     | Found Idutat's Blood Bar.
 14615 | D:13     | Found Xakhlet's Magic Scroll Boutique.
 14709 | D:13     | Bought a scroll of identify for 26 gold pieces
 14709 | D:13     | Bought a scroll of teleportation for 39 gold pieces
 14709 | D:13     | Bought a scroll of teleportation for 39 gold pieces
 14709 | D:13     | Bought a scroll of blinking for 97 gold pieces
 14713 | D:13     | Bought a scroll of identify for 26 gold pieces
 14713 | D:13     | Bought a scroll of remove curse for 39 gold pieces
 14713 | D:13     | Bought a scroll of identify for 26 gold pieces
 15177 | D:14     | Gained mutation: Your large and strong wings let you fly
                  | indefinitely. [Gargoyle growth]
 15177 | D:14     | Reached XP level 14. HP: 92/92 MP: 14/14
 15337 | D:14     | Got a shimmering leather armour
 15405 | D:14     | Found Zucaups's Magic Scroll Shop.
 16089 | D:15     | Entered Level 15 of the Dungeon
 16150 | D:15     | Found a radiant altar of Vehumet.
 16173 | D:15     | Received a gift from Trog
 16175 | D:15     | Paralysed by an ogre mage for 2 turns
 16443 | D:15     | Reached skill level 14 in Maces & Flails
 16600 | D:15     | Got a jewelled mace
 16601 | D:15     | Identified the +2 leather armour of Joy {-Tele rF+ Str+5}
                  | (You found it on level 14 of the Dungeon)
 16603 | D:15     | Identified the +9 mace of Luxury {flame, Fragile Str+8}
                  | (You found it on level 15 of the Dungeon)
 16782 | D:15     | Found a staircase to the Depths.
 17683 | D:15     | Received a gift from Trog
 17746 | D:15     | Reached XP level 15. HP: 88/99 MP: 15/15
 17914 | D:15     | Reached skill level 15 in Maces & Flails
 18472 | Lair:1   | Entered Level 1 of the Lair of Beasts
 18760 | Lair:1   | You are sucked into a shaft and drop 1 floor!
 18814 | Lair:2   | Found a staircase to the Snake Pit.
 19040 | Lair:2   | Received a gift from Trog
 20643 | Lair:3   | Found a staircase to the Shoals.
 21322 | Lair:4   | Received a gift from Trog
 22315 | Lair:5   | Found a viscous altar of Jiyva.
 22315 | Lair:5   | Found a staircase to the Slime Pits.
 23689 | Lair:5   | Reached XP level 16. HP: 97/107 MP: 16/16
 23692 | Lair:5   | Received a gift from Trog
 23840 | Lair:6   | Entered Level 6 of the Lair of Beasts
 23897 | Lair:6   | Found a large runed translucent door.
 23902 | Lair:6   | Found a large runed translucent door.
 23933 | Lair:6   | Noticed LairdRich's ghost (journeyman MiBe)
 23989 | Lair:6   | Killed LairdRich's ghost
 24284 | Lair:6   | Reached skill level 16 in Maces & Flails
 24787 | Lair:6   | Received a gift from Trog
 24937 | Lair:6   | Reached skill level 15 in Fighting
 25737 | Orc:1    | Entered Level 1 of the Orcish Mines
 26008 | Orc:1    | Found a runed translucent gate.
 26008 | Orc:1    | Found a runed translucent gate.
 26008 | Orc:1    | Found a runed translucent gate.
 26009 | Orc:1    | Noticed LairdRich's ghost (journeyman MiBe)
 26022 | Orc:1    | Received a gift from Trog
 26253 | Orc:1    | Killed LairdRich's ghost
 26253 | Orc:1    | Reached skill level 15 in Armour
 26278 | Orc:2    | Entered Level 2 of the Orcish Mines
 26940 | Orc:2    | Found a staircase to the Elven Halls.
 27019 | Orc:2    | Received a gift from Trog
 27115 | Orc:2    | Noticed Saint Roka
 27162 | Orc:2    | Killed Saint Roka
 27470 | Orc:2    | Found Juqum's General Store.
 27767 | Orc:2    | Found a roughly hewn altar of Beogh.
 27788 | Orc:2    | Found Maek's Antique Armour Emporium.
 27796 | Orc:2    | Gained mutation: You have sharp toenails. [a neqoxec]
 27800 | Orc:2    | Gained mutation: You are frail. (-10% HP) [a neqoxec]
 27806 | Orc:2    | Gained mutation: You are very frail. (-20% HP) [a neqoxec]
 28038 | Orc:2    | Received a gift from Trog
 28239 | Orc:2    | Found a roughly hewn altar of Beogh.
 28353 | Orc:2    | Found Ihier's Food Emporium.
 28366 | Orc:2    | Reached XP level 17. HP: 74/90 MP: 17/17
 28376 | Orc:2    | Found Kekh's Food Shoppe.
 28590 | Orc:2    | Bought a crude cloak for 361 gold pieces
 28590 | Orc:2    | Bought a glowing scarf for 304 gold pieces
 28595 | Orc:2    | Identified the +2 cloak of the Bulwark {rC++ rCorr Dex-2}
                  | (You bought it in a shop on level 2 of the Orcish Mines)
 28636 | Orc:2    | Bought a +6 ring of dexterity for 760 gold pieces
 28636 | Orc:2    | Bought a scroll of teleportation for 39 gold pieces
 28636 | Orc:2    | Bought a scroll of teleportation for 39 gold pieces
 29213 | Lair:1   | Lost mutation: You have sharp toenails. [potion of
                  | mutation]
 29213 | Lair:1   | Lost mutation: You are very frail. (-20% HP) [potion of
                  | mutation]
 29213 | Lair:1   | Gained mutation: You are clumsy. (Dex -2) [potion of
                  | mutation]
 29213 | Lair:1   | Gained mutation: You are surrounded by a mild repulsion
                  | field. (EV +2) [potion of mutation]
 29270 | Shoals:1 | Entered Level 1 of the Shoals
 29356 | Shoals:1 | Received a gift from Trog
 29481 | Shoals:1 | Noticed a kraken
 29495 | Shoals:1 | Killed a kraken
 29929 | Shoals:1 | Noticed Nikola
 29950 | Shoals:1 | Killed Nikola
 30742 | Shoals:2 | Received a gift from Trog
 31007 | Shoals:2 | Reached skill level 17 in Maces & Flails
 32078 | Shoals:3 | Found Yfof's Antique Armour Emporium.
 32081 | Shoals:3 | Bought an embroidered scarf for 240 gold pieces
 32081 | Shoals:3 | Bought a brightly glowing chain mail for 285 gold pieces
 32101 | Shoals:3 | Identified the +6 chain mail of Democracy {rPois rN+ Str+3}
                  | (You bought it in a shop on level 3 of the Shoals)
 32142 | Shoals:3 | Noticed Polyphemus
 32170 | Shoals:3 | Killed Polyphemus
 32782 | Shoals:4 | Entered Level 4 of the Shoals
 33224 | Shoals:4 | Received a gift from Trog
 33373 | Shoals:4 | HP: 5/156 [merfolk impaler/+0 trident (11)]
 33374 | Shoals:4 | Slain by a merfolk impaler

Levels and vault maps discovered:
D:1:      saegor_arrival_simple_d, layout_basic
D:2:      layout_loops_ring, minmay_quadrilaterals
D:3:      layout_basic, gammafunk_ghost_arena
D:4:      layout_loops_ring, minmay_misc_feat_rows, nrook_uturn, uniq_pikel
D:5:      layout_rooms, first_ration, ebering_ghost_disaster_area
D:6:      wad_lake_hut, layout_rooms, okawaru_altar_gauntlet_db,
          minmay_temple_entry_enclosed_plants, grunt_ministairs_11,
          uniq_duvessa, uniq_sigmund
D:7:      layout_basic, uniq_joseph
D:8:      layout_loops_corners, uniq_prince_ribbit1, uniq_harold, uniq_erica,
          uniq_psyche
D:9:      minmay_spotlight, layout_irregular_city, enter_bailey_2,
          hangedman_pestilent_swarm, makhleb_heckhound_becter
D:10:     okawaru_arena_lexackson, layout_basic, orc_0_dummy
D:11:     layout_loops_corners, lair_entry_dummy, serial_glass, glass_columns_b,
          glass_columns_c, glass_columns_b, glass_columns_b,
          nicolae_tso_carved_into_rock, uniq_grum
D:12:     layout_loops_ring, uniq_sonja, uniq_jorgrun
D:13:     layout_loops_ring, david_vaults_3, serial_shops, shop,
          nicolae_shop_trees, shop, guppyfry_shop_blood
D:14:     layout_gridville, serial_shops, shop, lemuel_flamethrower_2
D:15:     grunt_enter_depths_hoard, layout_gridville, basic_altar,
          small_statue_alley_a, minmay_joined_circles
Lair:1:   layout_small_grid
Lair:2:   layout_big_grid, guppyfry_snake_entry_garden, eino_house_with_fridge
Lair:3:   layout_layer_cave, minmay_shoals_entry_hut, kennysheep_basilisk_garden
Lair:4:   layout_regular_city, minmay_stone_trees_small, grunt_megastairs_4,
          wad_woods_river_01
Lair:5:   minmay_lair_oklob_tunnel, layout_regular_city, slime_altar_1
Lair:6:   hangedman_lair_in_review, layout_gridlike,
          ebering_ghost_disaster_area, serial_bayou, serial_bayou_pond_e,
          serial_bayou_lake_a, serial_bayou_lagoon_a, serial_bayou_pond_b,
          serial_bayou_pond_e, st_stairs_6
Shoals:1: layout_shoals, uniq_nikola
Shoals:2: layout_shoals
Shoals:3: layout_shoals, nicolae_shoals_c_island, uniq_polyphemus
Shoals:4: shoals_end_simple, layout_shoals, minmay_shop_enchanted_jewellery
Orc:1:    layout_diamond_mine, ebering_ghost_rock_garden
Orc:2:    pubby_orc_utopia, uniq_saint_roka

Skill      XL: |  1  2  3  4  5  6  7  8  9 10 11 12 13 14 15 16 17 |
---------------+----------------------------------------------------+-----
Dodging        | 2 3 4 5 7 8 10 11 12 13 14 | 14.5
Fighting       | 4 5 7 8 9 10 11 12 13 14 15 16 | 16.3
Armour         | 3 5 6 7 9 10 11 12 13 14 15 16 | 16.2
Maces & Flails | 4 5 6 7 8 10 11 13 14 15 16 17 | 17.2

Action                   |  1- 3 |  4- 6 |  7- 9 | 10-12 | 13-15 | 16-18 || total
-------------------------+-------+-------+-------+-------+-------+-------++-------
Melee: Mace              |    93 |   147 |       |       |       |       ||   240
       Morningstar       |       |    84 |   343 |   197 |       |       ||   624
       Dire flail        |       |       |       |   892 |   708 |       ||  1600
       Great mace        |       |       |       |       |   554 |  1104 ||  1658
       Kick              |       |       |       |       |       |    31 ||    31
Throw: Throwing net      |       |       |       |     2 |       |       ||     2
Invok: Trog's Hand       |       |     3 |       |     5 |     3 |     3 ||    14
       Berserk           |       |     2 |     4 |     3 |     6 |    12 ||    27
       Brothers in Arms  |       |       |       |     3 |     3 |     1 ||     7
 Abil: Fly               |       |       |       |       |     1 |       ||     1
Evoke: Wand              |       |       |     1 |     1 |       |       ||     2
  Use: Scroll            |       |     9 |     8 |     8 |    13 |     2 ||    40
       Potion            |       |     1 |       |     2 |       |     6 ||     9
 Stab: Held in net/web   |       |       |       |     2 |       |       ||     2
       Paralysed         |       |       |       |     5 |       |       ||     5
       Distracted        |       |       |       |       |     2 |       ||     2
       Petrified         |       |       |       |       |       |     1 ||     1
  Eat: Chunk             |     2 |     9 |    16 |    28 |    40 |    42 ||   137
       Ration            |       |       |       |     1 |     1 |       ||     2
Armor: Animal skin       |    32 |    38 |       |       |       |       ||    70
       Ring mail         |       |   110 |    91 |       |       |       ||   201
       Plate armour      |       |       |   112 |   539 |       |       ||   651
       Scale mail        |       |       |       |    98 |   513 |   519 ||  1130
Dodge: Dodged            |    63 |   215 |   167 |   689 |  1154 |  1329 ||  3617
       Deflected         |       |       |       |       |       |     6 ||     6

Table legend:
 A = Non-vault XP
 B = Vault XP
 C = Vault XP percentage of total XP
 D = Non-vault monster count
 E = Vault monster count
 F = Vault count percentage of total count
                 A         B        C        D         E       F
            +---------+---------+-------+---------+---------+-------
      Total |  148832 |   86019 |  36.6 |     648 |     356 |  35.5
            +---------+---------+-------+---------+---------+-------
        D:1 |      16 |       0 |   0.0 |      11 |       0 |   0.0
        D:2 |     119 |      12 |   9.2 |      20 |       6 |  23.1
        D:3 |     193 |     161 |  45.5 |      35 |       4 |  10.3
        D:4 |     310 |     641 |  67.4 |      19 |       1 |   5.0
        D:5 |     371 |     421 |  53.2 |      11 |       1 |   8.3
        D:6 |    1036 |     469 |  31.2 |      24 |       8 |  25.0
        D:7 |    1530 |     475 |  23.7 |      31 |       1 |   3.1
        D:8 |    1210 |    2655 |  68.7 |      22 |       4 |  15.4
        D:9 |    3200 |    1378 |  30.1 |      23 |       9 |  28.1
       D:10 |    5071 |       0 |   0.0 |      34 |       0 |   0.0
       D:11 |    2897 |     422 |  12.7 |      11 |       3 |  21.4
       D:12 |    5634 |    8051 |  58.8 |      42 |      14 |  25.0
       D:13 |    7965 |    4072 |  33.8 |      34 |      12 |  26.1
       D:14 |    6878 |       0 |   0.0 |      22 |       0 |   0.0
       D:15 |   31103 |    4141 |  11.7 |      62 |       9 |  12.7
     Lair:1 |    3089 |       0 |   0.0 |      18 |       0 |   0.0
     Lair:2 |    4724 |    1044 |  18.1 |      18 |      13 |  41.9
     Lair:3 |    5135 |    1031 |  16.7 |      25 |       5 |  16.7
     Lair:4 |    4874 |    2336 |  32.4 |      21 |      11 |  34.4
     Lair:5 |    9182 |    2807 |  23.4 |      19 |       6 |  24.0
     Lair:6 |   12760 |   13321 |  51.1 |      40 |      28 |  41.2
   Shoals:1 |   11807 |    3263 |  21.7 |      22 |       1 |   4.3
   Shoals:2 |   10703 |       0 |   0.0 |      23 |       0 |   0.0
   Shoals:3 |    7654 |    5134 |  40.1 |      15 |       4 |  21.1
   Shoals:4 |    5240 |    6656 |  56.0 |      15 |       9 |  37.5
      Orc:1 |    6131 |    1832 |  23.0 |      31 |       1 |   3.1
      Orc:2 |       0 |   21190 | 100.0 |       0 |     137 | 100.0
     Bailey |       0 |    4507 | 100.0 |       0 |      69 | 100.0
            +---------+---------+-------+---------+---------+-------
